 Dungeon Crawl Stone Soup version 0.31.0-9-g3a7656b989 (webtiles) character file.

Game seed: 8733392579325407710

32 qw the Shooter (level 3, 0/18 HPs)
             Began as a Spriggan Hunter on Feb 2, 2024.
             Slain by a ribbon worm (8 damage)
             ... on level 2 of the Dungeon.
             The game lasted 00:00:02 (777 turns).

qw the Shooter (Spriggan Hunter)                     Turns: 777, Time: 00:00:03

Health: 0/18       AC:  2    Str:  7    XL:     3   Next: 8%
Magic:  4/4        EV: 19    Int: 10    God:
Gold:   94         SH:  0    Dex: 20    Spells: 2/2 levels left

rFire   . . .        a - +1 shortbow
rCold   . . .        (shield currently unavailable)
rNeg    . . .        c - +0 robe
rPois   .            (helmet restricted)
rElec   .            (no cloak)
rCorr   .            (gloves unavailable)
SInv    +            (boots unavailable)
Will    .....        (no amulet)
Stlth   ++           (no ring)
HPRegen 0.23/turn    (no ring)
MPRegen 0.09/turn

%: no passive effects
@: very quick
A: very small, no large weapons, unfitting armour, see invisible, speed 3
a: no special abilities


You were on level 2 of the Dungeon.
You visited 1 branch of the dungeon, and saw 2 of its levels.

You collected 94 gold pieces.


Innate Abilities, Weirdness & Mutations

You are very small and have problems with some larger weapons.
You are too small for most types of armour.
You have supernaturally acute eyesight. (SInv)
You cover ground extremely quickly. (Speed+++)


   Skills:
 - Level 1.5 Fighting
 + Level 4.5 Ranged Weapons
 - Level 4.0 Dodging
 - Level 1.5 Stealth


You had 2 spell levels left.
You didn't know any spells.
Your spell library was empty.

Inventory:

Hand Weapons
 a - a +1 shortbow (weapon)
Armour
 c - a +0 robe (worn)
Potions
 e - 2 potions of curing

Dungeon Overview and Level Annotations

Branches:
Dungeon (2/15)

Altars:


Message History

You shoot an arrow.
The arrow barely misses the ribbon worm.
The ribbon worm bites you!
You shoot an arrow.
The arrow barely misses the ribbon worm.
The ribbon worm closely misses you.
You shoot an arrow. The arrow hits the ribbon worm.
The ribbon worm is moderately wounded.
The ribbon worm expels a string of sticky webbing.
The stream of webbing hits you but does no damage.
You are caught in a web!
The web tears apart.
The ribbon worm closely misses you.
You shoot an arrow.
The arrow hits the ribbon worm but does no damage.
The ribbon worm is moderately wounded.
The ribbon worm expels a string of sticky webbing.
The stream of webbing hits you but does no damage.
You are caught in a web!
The web tears apart.
The ribbon worm bites you but does no damage.
You shoot an arrow.
The arrow barely misses the ribbon worm.
The ribbon worm bites you.
You shoot an arrow. The arrow hits the ribbon worm.
The ribbon worm is lightly wounded.
The ribbon worm misses you.
You shoot an arrow. The arrow hits the ribbon worm!
The ribbon worm is heavily wounded.
The ribbon worm bites you.
You shoot an arrow.
The arrow barely misses the ribbon worm.
The ribbon worm expels a string of sticky webbing.
The stream of webbing hits you but does no damage.
You are caught in a web!
The web tears apart.
You shoot an arrow. The arrow hits the ribbon worm.
The ribbon worm is heavily wounded.
The ribbon worm bites you!
You die...

.....# .....# .#
.....# .#
....##.#
###.....###
..........
#....#######..
#.<...........
#.....@w.=..#
##...........#
.........###.###
.......#.... ..
#...#..#...... #
###.#..##.####
..#...... ..
........


You could see a ribbon worm (catching breath).

Vanquished Creatures
  An adder (D:1)
  2 ball pythons (D:1)
  3 endoplasms
  2 giant cockroaches
  3 hobgoblins
  2 quokkas (D:1)
  3 bats (D:1)
  A frilled lizard (D:1)
  3 kobolds (D:1)
20 creatures vanquished.

Notes
Turn   | Place    | Note
-------+----------+-------------------------------------------
     0 | D:1      | qw the Spriggan Hunter began the quest for the Orb.
     0 | D:1      | Reached XP level 1. HP: 10/10 MP: 2/2
     0 | D:1      | 0 ||| qw: Version: 0.3-a-155-g5e7d8dd
     0 | D:1      | 0 ||| qw: Game counter: 2310
     0 | D:1      | 0 ||| qw: Melee chars always use a shield: true
     0 | D:1      | 0 ||| qw: God list: Okawaru
     0 | D:1      | 0 ||| qw: Allow faded altars: false
     0 | D:1      | 0 ||| qw: Do Orc after clearing Dungeon:15 true
     0 | D:1      | 0 ||| qw: Do second Lair branch before Depths: true
     0 | D:1      | 0 ||| qw: Lair rune preference: random
     0 | D:1      | 0 ||| qw: Goals: Normal
     0 | D:1      | 0 ||| PLANNING D:1-11
    19 | D:1      | Reached skill level 3 in Dodging
   164 | D:1      | Reached XP level 2. HP: 14/14 MP: 3/3
   549 | D:1      | 549 ||| READING scroll labelled SEUPAK KUMOAT.
   550 | D:1      | 550 ||| READING 3 scrolls labelled BUSURI EBBEI.
   550 | D:1      | 550 ||| IDENTIFYING lumpy white potion
   551 | D:1      | 551 ||| READING 2 scrolls of identify.
   551 | D:1      | 551 ||| IDENTIFYING 2 ruby potions
   552 | D:1      | 552 ||| READING scroll of identify.
   552 | D:1      | 552 ||| IDENTIFYING scroll labelled ILINUB SOR TASK
   553 | D:1      | 553 ||| READING 4 scrolls labelled HOURUC LOERUI.
   654 | D:1      | 654 ||| READING scroll labelled NIRCHI NIOM.
   655 | D:1      | 655 ||| READING scroll labelled REABIA GAUNLI.
   655 | D:1      | 655 ||| ENCHANTING +0 shortbow.
   656 | D:1      | 656 ||| READING scroll labelled TEVUISCHEAKU.
   660 | D:1      | 660 ||| READING scroll labelled ZAEDEO TA KIO.
   661 | D:1      | 661 ||| DROPPING scroll of butterflies.
   662 | D:1      | 662 ||| DROPPING 3 scrolls of vulnerability.
   663 | D:1      | 663 ||| DROPPING scroll of fog.
   695 | D:2      | HP: 3/14 [poisoned by an adder]
   696 | D:2      | 696 ||| DRINKING potion of heal wounds.
   697 | D:2      | 697 ||| STAIRDANCE
   700 | D:1      | Reached XP level 3. HP: 13/18 MP: 4/4
   729 | D:2      | 729 ||| STAIRDANCE
   777 | D:2      | Slain by a ribbon worm

Levels and vault maps discovered:
D:1:      saegor_arrival_simple_a, layout_basic, minmay_misc_feat_roman
D:2:      layout_basic, serial_glass, glass_columns_a, glass_columns_a,
          item_on_display_a, uniq_robin

Skill      XL: |  1  2 |
---------------+-------+-----
Dodging        | 3 4 |  4.0
Fighting       | |  1.5
Ranged Weapons | |  4.5
Stealth        | |  1.5

Action                     || total
---------------------------++-------
   Fire: Shortbow          ||    75
    Use: Scroll            ||     9
         Potion            ||     1
 Armour: Robe              ||    16
  Dodge: Dodged            ||    34

Table legend:
 A = Non-vault XP
 B = Vault XP
 C = Vault XP percentage of total XP
 D = Non-vault monster count
 E = Vault monster count
 F = Vault count percentage of total count
                 A         B        C        D         E       F
            +---------+---------+-------+---------+---------+-------
      Total |      46 |       0 |   0.0 |      20 |       0 |   0.0
            +---------+---------+-------+---------+---------+-------
        D:1 |      40 |       0 |   0.0 |      17 |       0 |   0.0
        D:2 |       6 |       0 |   0.0 |       3 |       0 |   0.0
            +---------+---------+-------+---------+---------+-------
